 Dungeon Crawl Stone Soup version 0.23.2-1-ga50397a (webtiles) character file.

Game seed: 3184207851192254839

21 IBeShadow the Caller (level 2, 0/24 HPs)
             Began as a Draconian Summoner on May 10, 2019.
             Slain by a hobgoblin
             ... wielding a +0 club
              (4 damage)
             ... on level 1 of the Dungeon.
             The game lasted 00:03:18 (651 turns).

IBeShadow the Caller (Draconian Summoner)            Turns: 651, Time: 00:03:19

Health: 0/24       AC:  4    Str: 10    XL:     2   Next: 62%
Magic:  1/5        EV: 12    Int: 15    God:
Gold:   66         SH:  0    Dex: 11    Spells: 4/5 levels left

rFire    + + .     SeeInvis .   h - +0 short sword
rCold    . . .     Gourm    .   (no shield)
rNeg     . . .     Faith    .   (armour unavailable)
rPois    .         Spirit   .   (helmet restricted)
rElec    .         Reflect  .   (no cloak)
rCorr    .         Harm     .   (no gloves)
MR       .....                  (no boots)
Stlth    ++........             (no amulet)
HPRegen  0.08/turn              j - ring of protection from fire
MPRegen  0.09/turn              g - ring of protection from fire

@: no status effects
A: unfitting armour, cold-blooded, AC +4
a: no special abilities


You were on level 1 of the Dungeon.
You were not hungry.

You visited 1 branch of the dungeon, and saw 1 of its levels.

You collected 66 gold pieces.

Inventory:

Hand Weapons
 h - a +0 short sword (weapon)
Jewellery
 a - an uncursed ring of fire
 g - a ring of protection from fire (right hand)
 j - a ring of protection from fire (left hand)
Scrolls
 c - a scroll of noise {unknown}
 d - a scroll of teleportation {unknown}
 e - a scroll of remove curse {unknown}
Potions
 i - 2 potions of curing {unknown}
 k - a potion of heal wounds {unknown}
 l - a potion of might {unknown}
Comestibles
 b - 3 rations


   Skills:
 + Level 1.7 Fighting
 - Level 1.7 Dodging
 - Level 1.7 Stealth
 - Level 2.0 Spellcasting
 + Level 4.4 Summonings


You had 4 spell levels left.
You knew the following spells:

 Your Spells              Type           Power        Failure   Level  Hunger
a - Summon Small Mammal   Summ           ##..         3%          1    #......

Your spell library contained the following spells:

 Spells                   Type           Power        Failure   Level  Hunger
 Call Imp                 Summ           ##......     5%          2    ###....
 Call Canine Familiar     Summ           ##......     11%         3    ###....
 Summon Guardian Golem    Hex/Summ       #.......     26%         3    ###....
 Summon Ice Beast         Ice/Summ       #.......     65%         4    #####..
 Summon Lightning Spire   Summ/Air       #.......     65%         4    #####..


Dungeon Overview and Level Annotations

Branches:
Dungeon (1/15)

Altars:


Innate Abilities, Weirdness & Mutations

Your plain brown scales are hard. (AC +4)
You cannot fit into any form of body armour.
You are cold-blooded and may be slowed by cold attacks.


Message History

The gnoll hits your rat but does no damage.
The gnoll closely misses your rat.
Your quokka barely misses the gnoll.
Your rat barely misses the gnoll.
The gnoll hits your rat with a +0 spear!
Your rat dies!
Your rat's corpse disappears in a puff of smoke!
Your quokka bites the gnoll but does no damage.
Your quokka closely misses the gnoll.
The gnoll hits your quokka with a +0 spear.
The hobgoblin hits you with a +0 club.
* * * LOW HITPOINT WARNING * * *
Your quokka bites the gnoll but does no damage.
The gnoll hits your quokka with a +0 spear.
Your quokka dies!
Your quokka's corpse disappears in a puff of smoke!
The hobgoblin hits you with a +0 club.
* * * LOW HITPOINT WARNING * * *
The gnoll shouts!
The hobgoblin hits you with a +0 club.
You die...

#.......§........#PP...#.#≈≈≈≈P
##.............# #PPP..#.#≈≈≈≈P
##....###.§#..#.# ########.######
..............#.##.+......<......
##.......§##.g.....#######.######
....P..P..g..g....##P≈≈≈≈#.#..PPP
#........§§#......##P≈≈≈≈#.#...PP
).P......P.....g..###P≈≈≈#.#P.PP#
................@.# ##P≈≈#.#P.P##
..................# ##PP#.#PP##
..P......P............####+####
#............########..
....P..P.....# .#........##.#
.#......####.# .#......# #.#
.#.###.## ##


You could see a gnoll, 2 hobgoblins and a goblin.

Vanquished Creatures
  A dart slug (D:1)
  A leopard gecko (D:1)
  4 goblins (D:1)
  2 hobgoblins (D:1)
  A jackal (D:1)
  A kobold (D:1)
  A frilled lizard (D:1)
11 creatures vanquished.

Vanquished Creatures (collateral kills)
  A bat (D:1)
  A giant cockroach (D:1)
  A hobgoblin (D:1)
  3 jackals (D:1)
  A kobold (D:1)
  A ball python (D:1)
  A rat (D:1)
9 creatures vanquished.

Grand Total: 20 creatures vanquished

Notes
Turn   | Place    | Note
-------+----------+-------------------------------------------
     0 | D:1      | IBeShadow the Draconian Summoner began the quest for the
                  | Orb.
     0 | D:1      | Reached XP level 1. HP: 14/14 MP: 3/3
   105 | D:1      | Reached skill level 1 in Fighting
   330 | D:1      | Reached XP level 2. HP: 14/23 MP: 0/5
   651 | D:1      | Slain by a hobgoblin

Skill      XL: |  1 |
---------------+----+-----
Fighting       | 1 |  1.7
Dodging        | |  1.7
Stealth        | |  1.7
Spellcasting   | |  2.0
Summonings     | |  4.4

Action                   || total
-------------------------++-------
Melee: Club              ||    12
       Short sword       ||    18
       Tailslap          ||     4
 Cast: Summon Small Mamm ||    18
Armor: Skin              ||    14
Dodge: Dodged            ||    53
